[Event "Titled Tuesday Blitz March 21 Early 2023"]
[White "Liyanage, Ranindu Dilshan"]
[Black "Hoffmann, Asa"]
[WhiteFideId "9915834"]
[BlackFideId "2001470"]
[WhiteElo "2199"]
[BlackElo "2117"]
[Result "1-0"]
[Round "02"]
[TimeControl "180+2"]
[Date "2023.03.21"]
[WhiteClock "0:01:29"]
[BlackClock "0:00:45"]

1. e4 d6 2. d4 Nf6 3. Nc3 c6 4. f4 Qa5 5. Bd3 e5 6. Nf3 exd4 7. Nxd4 Qb6 8. Be3 Ng4 9. Bg1 Qxb2 10. Nce2 d5 11. e5 Bb4+ 12. Kf1 O-O 13. h3 Nh6 14. g4 f6 15. exf6 gxf6 16. a3 Bd6 17. Nb3 f5 18. Bd4 Qxa1 19. Qxa1 fxg4 20. hxg4 Nxg4 21. Rxh7 Nf6 22. Bxf6 Rxf6 23. Qxf6 1-0


[Site "https://www.chess.com"]

[Event "Titled Tuesday Blitz March 21 Early 2023"]
[White "Mindlin, Alon"]
[Black "Shevtchenko, Olesya"]
[WhiteFideId "2800071"]
[BlackFideId "24131890"]
[WhiteElo "2430"]
[BlackElo "2003"]
[Result "1-0"]
[Round "02"]
[TimeControl "180+2"]
[Date "2023.03.21"]
[WhiteClock "0:01:40"]
[BlackClock "0:01:29"]

1. e4 c6 2. c4 d5 3. cxd5 cxd5 4. exd5 Nf6 5. Nc3 g6 6. Bc4 Bg7 7. Nge2 O-O 8. d4 Nbd7 9. Nf4 Nb6 10. Bb3 Bf5 11. O-O Rc8 12. Re1 a5 13. a3 Nc4 14. Qe2 Nd6 15. h3 Re8 16. Ba4 Bd7 17. Bd2 Bxa4 18. Nxa4 b5 19. Nc5 Nc4 20. Rad1 Nxd5 21. Nb7 Nxf4 22. Bxf4 Qd5 23. Nc5 Bxd4 24. Nb3 e5 25. Nxd4 exf4 26. Qxe8+ Rxe8 27. Rxe8+ Kg7 28. Ne6+ Qxe6 29. Rxe6 fxe6 30. Rd7+ Kf6 31. Rb7 Nd6 32. Rxh7 e5 33. b3 e4 34. Ra7 Ke5 35. Rxa5 Kd4 36. Ra8 Kc3 37. a4 Kxb3 38. a5 e3 39. fxe3 fxe3 40. a6 Ne4 41. Re8 1-0


[Site "https://www.chess.com"]

[Event "Titled Tuesday Blitz March 21 Early 2023"]
[White "Karthik Rajaa"]
[Black "Forgacs, Attila Jr."]
[WhiteFideId "25035215"]
[BlackFideId "773654"]
[WhiteElo "2215"]
[BlackElo "2168"]
[Result "1-0"]
[Round "02"]
[TimeControl "180+2"]
[Date "2023.03.21"]
[WhiteClock "0:00:18"]
[BlackClock "0:00:05"]

1. Nf3 Nf6 2. c4 g6 3. Nc3 d5 4. cxd5 Nxd5 5. h4 Bg7 6. h5 e5 7. h6 Bf6 8. Ne4 Nc6 9. Nxf6+ Qxf6 10. d3 Qd6 11. a3 O-O 12. e3 f5 13. Be2 f4 14. e4 Nf6 15. b4 Nd4 16. Nxd4 Qxd4 17. Rb1 Qc3+ 18. Kf1 Qc6 19. Bb2 Qd6 20. Qb3+ Be6 21. Qc3 Ng4 22. Rh4 Qd7 23. d4 exd4 24. Qxd4 Qxd4 25. Bxd4 Nf6 26. Rxf4 Nd7 27. Rxf8+ Rxf8 28. Rd1 Nf6 29. Bxf6 Rxf6 30. Rd8+ Kf7 31. g3 g5 32. Bh5+ Ke7 33. Re8+ Kd7 34. Rg8 Rxh6 35. Bf3 g4 36. Rg7+ Kd6 37. Bxg4 Rh1+ 38. Ke2 Bxg4+ 39. Rxg4 Ra1 40. Rh4 Ra2+ 41. Kf1 Rxa3 42. Rxh7 Rb3 43. Rh6+ Ke5 44. Rh7 Rxb4 45. Rxc7 a5 46. Rc5+ Kxe4 47. Rxa5 Kf3 48. Ra3+ Kg4 49. Kg2 Rb2 50. Ra5 b5 51. Ra6 b4 52. Rf6 Kg5 53. Rf4 b3 54. Rb4 Kf5 55. Kf3 Kg5 56. Rb5+ Kf6 57. g4 Kg6 58. Kg3 Kf7 59. f3 Kg7 60. Kf4 Kf6 61. Rb6+ Kf7 62. g5 Kg7 63. Kf5 Rf2 64. f4 b2 65. Rb7+ Kf8 66. g6 Rg2 67. Kf6 Ke8 68. f5 Kd8 69. g7 Kc8 70. Rxb2 Rxb2 71. g8=Q+ Kc7 72. Qc4+ Kd7 73. Qd4+ Kc6 74. Qxb2 1-0


[Site "https://www.chess.com"]

[Event "Titled Tuesday Blitz March 21 Early 2023"]
[White "Rozman, Levy"]
[Black "Fernandez Garcia, Gumersindo"]
[WhiteFideId "2039877"]
[BlackFideId "24516740"]
[WhiteElo "2376"]
[BlackElo "2093"]
[Result "0-1"]
[Round "02"]
[TimeControl "180+2"]
[Date "2023.03.21"]
[WhiteClock "0:01:20"]
[BlackClock "0:01:04"]

1. e4 c5 2. Nc3 g6 3. d4 cxd4 4. Qxd4 Nf6 5. Nf3 Nc6 6. Qd3 d6 7. Nd5 Bg7 8. c3 O-O 9. Bg5 Nxd5 10. exd5 Ne5 11. Nxe5 dxe5 12. Be2 a6 13. a4 Bf5 14. Qd2 Qd6 15. c4 e6 16. O-O exd5 17. Qxd5 Qxd5 18. cxd5 f6 19. Be3 Rad8 20. Bc4 Rd7 21. f3 Rc8 22. b3 Bf8 23. Rfd1 Kg7 24. g4 Bc2 25. Rd2 Bxb3 26. Bxb3 Rc3 0-1


[Site "https://www.chess.com"]

[Event "Titled Tuesday Blitz March 21 Early 2023"]
[White "Szyszylo, Rafal"]
[Black "Popilski, Gil"]
[WhiteFideId "1109626"]
[BlackFideId "2809060"]
[WhiteElo "1951"]
[BlackElo "2537"]
[Result "1/2-1/2"]
[Round "02"]
[TimeControl "180+2"]
[Date "2023.03.21"]
[WhiteClock "0:00:17"]
[BlackClock "0:00:18"]

1. e4 d5 2. exd5 Nf6 3. d4 Bg4 4. Bb5+ Nbd7 5. Be2 Bxe2 6. Qxe2 Nxd5 7. Nf3 g6 8. c4 N5b6 9. O-O Bg7 10. Rd1 O-O 11. Bf4 Re8 12. Nc3 c6 13. b3 Qc8 14. Ne5 Nxe5 15. Bxe5 Qe6 16. Bxg7 Qxe2 17. Nxe2 Kxg7 18. f4 Rad8 19. Kf2 Rd7 20. Ke3 Red8 21. Nc3 e6 22. g3 h5 23. Ne2 Nc8 24. Nc3 Nd6 25. Ne2 b5 26. Rac1 bxc4 27. bxc4 c5 28. d5 Nf5+ 29. Ke4 exd5+ 30. Rxd5 Re8+ 31. Re5 Rxe5+ 32. fxe5 Rd2 33. Nf4 Rxh2 34. Kd5 Nxg3 35. Kxc5 Rd2 36. e6 fxe6 37. Nxe6+ Kf6 38. Nf4 h4 39. Nd5+ Kf5 40. Ne7+ Kg5 41. Rg1 Re2 42. Kd6 Kh5 43. c5 Ne4+ 44. Kd5 Nxc5 45. Nxg6 Nd3 46. Kd4 Re6 47. Nxh4 Rd6+ 48. Kc4 Kxh4 49. Rg8 a6 50. a4 Kh5 51. a5 Kh6 52. Rb8 Kg5 53. Rb6 Rxb6 54. axb6 Ne5+ 55. Kd5 Nd7 56. b7 a5 57. Kc6 Nb8+ 58. Kc7 Na6+ 59. Kb6 Nb8 60. Kxa5 Kf6 61. Kb6 Ke7 62. Kc7 Nd7 63. Kc8 Kd6 64. b8=Q+ Nxb8 1/2-1/2


[Site "https://www.chess.com"]

[Event "Titled Tuesday Blitz March 21 Early 2023"]
[White "Lewtak, Damian"]
[Black "Afanasieva, Alexandra"]
[WhiteFideId "1141724"]
[BlackFideId "34126926"]
[WhiteElo "2302"]
[BlackElo "1763"]
[Result "1-0"]
[Round "02"]
[TimeControl "180+2"]
[Date "2023.03.21"]
[WhiteClock "0:01:23"]
[BlackClock "0:00:50"]

1. a3 d5 2. e3 Nf6 3. c4 e6 4. Nf3 c5 5. g3 Nc6 6. Bg2 Be7 7. O-O d4 8. b4 dxe3 9. fxe3 cxb4 10. axb4 Bxb4 11. d4 O-O 12. Nbd2 Bd7 13. Bb2 Qc7 14. Qc2 Bxd2 15. Qxd2 Ne4 16. Qd3 f5 17. Nd2 Nxd2 18. Qxd2 Ne7 19. d5 Qxc4 20. Rfc1 Qg4 21. Rc7 Rad8 22. d6 Bc6 23. Rxe7 1-0


[Site "https://www.chess.com"]

[Event "Titled Tuesday Blitz March 21 Early 2023"]
[White "Papasimakopoulos, Alexandros"]
[Black "Valle Maytin, Luis Enrique"]
[WhiteFideId "4244125"]
[BlackFideId "3503666"]
[WhiteElo "2359"]
[BlackElo "2225"]
[Result "1-0"]
[Round "02"]
[TimeControl "180+2"]
[Date "2023.03.21"]
[WhiteClock "0:00:21"]
[BlackClock "0:00:06"]

1. d4 Nf6 2. c4 e6 3. Nc3 Bb4 4. Qc2 d5 5. cxd5 exd5 6. Bg5 O-O 7. e3 c6 8. Bd3 h6 9. Bh4 Nbd7 10. Nf3 Re8 11. O-O Qc7 12. Bg3 Qd8 13. a3 Bxc3 14. bxc3 Ne4 15. c4 Ndf6 16. cxd5 cxd5 17. Rab1 Re7 18. Be5 Be6 19. Rfc1 Rc8 20. Qb2 Rxc1+ 21. Rxc1 Qa5 22. Qb4 Qxb4 23. axb4 a6 24. h3 Bd7 25. Rc7 Kf8 26. Rxb7 Bb5 27. Rb8+ Re8 28. Bxb5 Rxb8 29. Bxb8 axb5 30. Ba7 Ke7 31. Ne5 Ke6 32. Nd3 Kd6 33. f3 Nd2 34. Bc5+ Ke6 35. Kf2 Nc4 36. Nc1 Nd7 37. Ne2 g5 38. Nc3 f5 39. Nxb5 Nb2 40. Nc7+ Kf6 41. Nxd5+ Ke6 42. Nc3 Nd3+ 43. Ke2 N7xc5 44. bxc5 Nb4 45. e4 fxe4 46. fxe4 Kd7 47. d5 Na6 48. Na4 h5 49. Ke3 1-0


[Site "https://www.chess.com"]

[Event "Titled Tuesday Blitz March 21 Early 2023"]
[White "Baskin, Robert"]
[Black "Kaganskiy, Gleb"]
[WhiteFideId "24662402"]
[BlackFideId "4132025"]
[WhiteElo "2488"]
[BlackElo "2165"]
[Result "1-0"]
[Round "02"]
[TimeControl "180+2"]
[Date "2023.03.21"]
[WhiteClock "0:01:07"]
[BlackClock "0:00:07"]

1. c4 e6 2. g3 d5 3. Bg2 Nf6 4. Nf3 Be7 5. O-O O-O 6. b3 c5 7. cxd5 exd5 8. d4 Nc6 9. Bb2 Ne4 10. Nc3 Bf6 11. Na4 b5 12. Nxc5 Nxc5 13. Rc1 Ne4 14. Rxc6 Bb7 15. Rc1 a5 16. e3 b4 17. Ne5 Bxe5 18. dxe5 a4 19. Qd4 a3 20. Ba1 Nc3 21. Bxc3 bxc3 22. Rxc3 Qa5 23. Rfc1 Rad8 24. Rc5 Qa6 25. Bf1 Qg6 26. Bd3 Qh6 27. Rc7 Ba8 28. h4 Rde8 29. Ra7 Qh5 30. Rxa3 Rxe5 31. Rc7 Qd1+ 32. Bf1 Qh5 33. Raa7 Re4 34. Qc5 g6 35. Bg2 Qd1+ 36. Kh2 Re5 37. Qd4 Qh5 38. f4 Rf5 39. Qd2 Qg4 40. b4 h6 41. b5 g5 42. Bh3 Qf3 43. Bxf5 gxh4 44. gxh4 d4 45. Rxa8 Rxa8 46. Qg2+ Qxg2+ 47. Kxg2 Rxa2+ 48. Kf3 dxe3 49. Kxe3 Rb2 50. Bd3 Rxb5 51. Bxb5 1-0


[Site "https://www.chess.com"]

[Event "Titled Tuesday Blitz March 21 Early 2023"]
[White "Jovic, Stanoje"]
[Black "Domingo Nunez, Ruben"]
[WhiteFideId "905020"]
[BlackFideId "22245570"]
[WhiteElo "2236"]
[BlackElo "2404"]
[Result "0-1"]
[Round "02"]
[TimeControl "180+2"]
[Date "2023.03.21"]
[WhiteClock "0:00:04"]
[BlackClock "0:00:10"]

1. c4 g6 2. g3 Bg7 3. Bg2 d6 4. Nc3 Nf6 5. Nf3 O-O 6. O-O Nbd7 7. d3 c5 8. a3 Rb8 9. b4 Ne8 10. Bd2 b6 11. b5 Bb7 12. a4 Nc7 13. a5 d5 14. axb6 axb6 15. Qb3 dxc4 16. dxc4 Ne5 17. Rfd1 Nxf3+ 18. Bxf3 Bxf3 19. exf3 Qc8 20. Bf4 Bd4 21. Ra7 Rb7 22. Rxb7 Qxb7 23. Bxc7 Qxc7 24. Nd5 Qd6 25. Kg2 h5 26. h4 Ra8 27. Qc2 e6 28. Nf6+ Kg7 29. Ne4 Qe5 30. f4 Qc7 31. Ng5 Ra3 32. Qe4 Qe7 33. Rxd4 cxd4 34. Qxd4+ f6 35. Ne4 Ra4 36. Nd6 e5 37. Qxb6 exf4 38. gxf4 Qd7 39. Ne4 Qg4+ 40. Ng3 Rxc4 41. Qb7+ Kh6 42. Qf7 Qc8 43. Qxf6 Qb7+ 44. Kh2 Rc2 45. Qh8+ Qh7 46. Qd4 Qe7 47. Qh8+ Qh7 48. Qd4 Qg7 49. Qe3 Qc3 50. Qa7 Qf3 0-1


[Site "https://www.chess.com"]

[Event "Titled Tuesday Blitz March 21 Early 2023"]
[White "Mhango, Banele"]
[Black "ArtemDyachuk"]
[WhiteFideId "14327040"]
[WhiteElo "2204"]
[BlackElo "2379"]
[Result "1-0"]
[Round "02"]
[TimeControl "180+2"]
[Date "2023.03.21"]
[WhiteClock "0:01:23"]
[BlackClock "0:00:01"]

1. d4 Nf6 2. Nf3 e6 3. g3 c5 4. Bg2 cxd4 5. O-O Nc6 6. Nxd4 Bc5 7. Nb3 Bb6 8. c4 O-O 9. c5 Bc7 10. Nc3 b6 11. Nb5 Bb8 12. Be3 Ng4 13. Bc1 bxc5 14. Nxc5 d5 15. e4 Nf6 16. exd5 exd5 17. Nc3 Be6 18. Re1 Ne5 19. Bg5 Bg4 20. Qa4 Nf3+ 21. Bxf3 Bxf3 22. Qc6 Bc7 23. Bxf6 gxf6 24. Re3 Bh5 25. Nxd5 Be5 26. Rxe5 fxe5 27. Nf6+ Kh8 28. Nxh5 Rc8 29. Qb5 Qd5 30. b4 e4 31. Nf4 Qd4 32. Re1 Rfe8 33. Re3 Rb8 34. Qc6 Qxb4 35. Qf6+ Kg8 36. Nh5 Qb1+ 37. Kg2 Qb2 38. Qg5+ Kh8 39. Nxe4 1-0


[Site "https://www.chess.com"]

[Event "Titled Tuesday Blitz March 21 Early 2023"]
[White "Demin, Vladimir"]
[Black "Mogirzan, Matei-Valeriu"]
[WhiteFideId "4167457"]
[BlackFideId "1257455"]
[WhiteElo "2621"]
[BlackElo "1733"]
[Result "1-0"]
[Round "02"]
[TimeControl "180+2"]
[Date "2023.03.21"]
[WhiteClock "0:00:06"]
[BlackClock "0:00:19"]

1. e4 e5 2. Nf3 Nf6 3. Nc3 Bc5 4. h3 Nc6 5. Nxe5 h5 6. Nxc6 dxc6 7. d3 b5 8. Be3 Bd4 9. Qc1 Be6 10. Bxd4 Qxd4 11. Qe3 Qb4 12. O-O-O a5 13. d4 O-O 14. e5 Nd7 15. Qg5 a4 16. a3 Qa5 17. d5 b4 18. Ne4 f5 19. exf6 Nxf6 20. dxe6 Nxe4 21. Qxa5 Rxa5 22. axb4 Re5 23. Bc4 Nxf2 24. e7+ Rf7 25. Rd8+ Kh7 26. e8=Q Rxe8 27. Rxe8 Rf6 28. Rhe1 h4 29. R8e2 Kh6 30. Rd2 Kg5 31. Rf1 Re6 32. Rdxf2 Re1+ 33. Rxe1 Kh5 34. Rfe2 g5 35. Re5 a3 36. R5e4 axb2+ 37. Kxb2 c5 38. Re8 cxb4 39. Rh8+ Kg6 40. Rg8+ Kf5 41. Rf1+ Ke4 42. Bd3+ Kd4 43. Rd8+ Ke3 44. Re8+ Kd2 45. Re2# 1-0


[Site "https://www.chess.com"]

[Event "Titled Tuesday Blitz March 21 Early 2023"]
[White "Budrewicz, Krzysztof"]
[Black "Fule, Simon"]
[WhiteFideId "1127950"]
[BlackFideId "787515"]
[WhiteElo "2230"]
[BlackElo "2374"]
[Result "1-0"]
[Round "02"]
[TimeControl "180+2"]
[Date "2023.03.21"]
[WhiteClock "0:01:01"]
[BlackClock "0:00:22"]

1. d4 Nf6 2. c4 d6 3. Nc3 g6 4. e4 Bg7 5. Be2 O-O 6. Nf3 Nc6 7. d5 Nb8 8. Be3 e5 9. Nd2 a5 10. g4 Na6 11. f3 Nc5 12. Nb3 Nfd7 13. Nxc5 Nxc5 14. Qd2 f5 15. O-O-O b6 16. h3 Bd7 17. Kb1 Qe7 18. Bd3 Nxd3 19. Qxd3 Qh4 20. Nb5 Bxb5 21. cxb5 Bh6 22. Rc1 Bxe3 23. Qxe3 Rf7 24. gxf5 gxf5 25. Rc2 fxe4 26. fxe4 Raf8 27. Rg1+ Kh8 28. a3 Rf1+ 29. Ka2 Rxg1 30. Qxg1 Qxe4 31. Rxc7 Qxd5+ 32. Ka1 Rg8 33. Qf2 Qd1+ 34. Ka2 Qd5+ 35. Kb1 Qe4+ 36. Ka1 Qg6 37. Qxb6 Qg1+ 38. Qxg1 Rxg1+ 39. Ka2 e4 40. b6 e3 41. b7 Rg8 42. Rc8 e2 43. Rxg8+ Kxg8 44. b8=Q+ 1-0


[Site "https://www.chess.com"]

[Event "Titled Tuesday Blitz March 21 Early 2023"]
[White "Vlassov, Nikolai"]
[Black "Bochnicka, Vladimir"]
[WhiteFideId "4103360"]
[BlackFideId "14943450"]
[WhiteElo "2324"]
[BlackElo "2094"]
[Result "1-0"]
[Round "02"]
[TimeControl "180+2"]
[Date "2023.03.21"]
[WhiteClock "0:02:10"]
[BlackClock "0:01:31"]

1. e4 c5 2. c3 Nf6 3. e5 Nd5 4. d4 cxd4 5. cxd4 Nc6 6. Nc3 Nxc3 7. bxc3 d6 8. f4 Bf5 9. Nf3 dxe5 10. fxe5 e6 11. Bd3 Bxd3 12. Qxd3 Be7 13. O-O O-O 14. Bd2 Rc8 15. Rf2 a6 16. Raf1 b5 17. Qe4 Na5 18. h4 h6 19. Qg4 Kh8 20. Qh5 Kh7 21. Ng5+ Bxg5 22. hxg5 Nc4 23. Rxf7 Rxf7 24. Rxf7 Nxd2 25. Qxh6+ 1-0


[Site "https://www.chess.com"]

[Event "Titled Tuesday Blitz March 21 Early 2023"]
[White "Alex_Sahakyan2006"]
[Black "Mirzanurov, Bulat"]
[BlackFideId "4184521"]
[WhiteElo "2610"]
[BlackElo "2019"]
[Result "1-0"]
[Round "02"]
[TimeControl "180+2"]
[Date "2023.03.21"]
[WhiteClock "0:00:51"]
[BlackClock "0:00:57"]

1. e4 c5 2. Nf3 d6 3. Nc3 Nf6 4. e5 dxe5 5. Nxe5 e6 6. a4 a6 7. g3 Be7 8. Bg2 O-O 9. O-O Nbd7 10. Nc4 Nb6 11. d3 Nbd5 12. Ne4 b6 13. Nxf6+ Bxf6 14. c3 Bb7 15. Qb3 Rb8 16. Rd1 Ba8 17. Ne3 Nxe3 18. Bxe3 Bxg2 19. Kxg2 Qd7 20. Qc4 Qb7+ 21. Qe4 Be7 22. Bf4 Qxe4+ 23. dxe4 Rb7 24. Bd6 g5 25. Bxe7 Rxe7 26. Rd6 Rb8 27. Rad1 Rbb7 28. Rc6 b5 29. a5 b4 30. c4 Rec7 31. Rxa6 b3 32. Rb6 Ra7 33. Ra1 Rd7 34. a6 g4 35. Rxb3 Rd6 36. Rb5 Rdxa6 37. Rxa6 Rxa6 38. Rxc5 Rb6 39. Rb5 Rc6 40. b3 Rb6 41. Rxb6 1-0


[Site "https://www.chess.com"]

[Event "Titled Tuesday Blitz March 21 Early 2023"]
[White "Gallo Garcia, Kemel Antonio"]
[Black "Krzywda, Andrzej"]
[WhiteFideId "3523896"]
[BlackFideId "1114565"]
[WhiteElo "2359"]
[BlackElo "2155"]
[Result "0-1"]
[Round "02"]
[TimeControl "180+2"]
[Date "2023.03.21"]
[WhiteClock "0:00:01"]
[BlackClock "0:00:02"]

1. d4 Nf6 2. c4 e6 3. g3 c5 4. d5 exd5 5. cxd5 d6 6. Nc3 g6 7. Bg2 Bg7 8. Nf3 O-O 9. O-O a6 10. a4 Nbd7 11. Bf4 Qc7 12. Rc1 Nh5 13. Be3 Ne5 14. Nxe5 Bxe5 15. b4 cxb4 16. Nb5 Qe7 17. Nc7 Rb8 18. Bd4 Bg4 19. h3 Bd7 20. Qd2 Rbc8 21. Bxe5 Qxe5 22. Qxb4 b5 23. axb5 axb5 24. Nxb5 Bxb5 25. Qxb5 Rxc1 26. Rxc1 Nxg3 27. e3 Ne4 28. Qd3 Nc5 29. Qb1 Ra8 30. Qc2 h5 31. Qc3 Qxc3 32. Rxc3 Ra1+ 33. Kh2 Ra2 34. Kg3 Kg7 35. h4 Kf6 36. Kf3 Ke5 37. Kg3 Ra1 38. Rc4 Ra2 39. f4+ Kf6 40. e4 Ra3+ 41. Bf3 Nd3 42. e5+ dxe5 43. Rc6+ Kg7 44. Kh2 exf4 45. Be4 Ne5 46. d6 Re3 47. d7 Rxe4 0-1


[Site "https://www.chess.com"]

[Event "Titled Tuesday Blitz March 21 Early 2023"]
[White "Kim, Sergey"]
[Black "Melikhov, Evgeny V."]
[WhiteFideId "13700570"]
[BlackFideId "4122046"]
[WhiteElo "2593"]
[BlackElo "2158"]
[Result "1-0"]
[Round "02"]
[TimeControl "180+2"]
[Date "2023.03.21"]
[WhiteClock "0:01:40"]
[BlackClock "0:00:54"]

1. d4 Nf6 2. c4 e6 3. Nc3 Bb4 4. Qc2 c5 5. dxc5 Na6 6. Nf3 Nxc5 7. Bd2 O-O 8. e3 d5 9. Be2 dxc4 10. Bxc4 a6 11. O-O b5 12. Be2 Bb7 13. Rfd1 Qc7 14. Nxb5 axb5 15. Bxb4 Na6 16. Qxc7 Nxc7 17. Bxf8 Kxf8 18. Ne5 Ncd5 19. Bxb5 Nb4 20. a4 Bd5 21. f3 Bb3 22. Rd2 Nc2 23. Rc1 Nxe3 24. Nd7+ Ke7 25. Nxf6 Kxf6 26. Rc3 1-0


[Site "https://www.chess.com"]

[Event "Titled Tuesday Blitz March 21 Early 2023"]
[White "Liu, Yi"]
[Black "Derjabin, Ilja"]
[WhiteFideId "3210588"]
[BlackFideId "14104768"]
[WhiteElo "2264"]
[BlackElo "2309"]
[Result "0-1"]
[Round "02"]
[TimeControl "180+2"]
[Date "2023.03.21"]
[WhiteClock "0:00:10"]
[BlackClock "0:00:28"]

1. e4 c5 2. Nf3 d6 3. d4 cxd4 4. Nxd4 Nf6 5. Nc3 a6 6. Be3 e5 7. Nb3 Be7 8. f3 Be6 9. Qd2 O-O 10. O-O-O b5 11. g4 b4 12. Nd5 Bxd5 13. exd5 a5 14. g5 Nh5 15. Na1 Nd7 16. h4 Nb6 17. Be2 Rc8 18. Kb1 f5 19. gxf6 Bxf6 20. Bg5 Nf4 21. Bxf4 exf4 22. Nb3 Na4 23. Nd4 Qb6 24. Bb5 Nc3+ 25. bxc3 bxc3 26. Qe2 Bxd4 27. Rxd4 Qxd4 28. Ka1 Qxd5 29. Rd1 Qe5 30. Bc4+ Kh8 31. Qd3 d5 32. Bb3 Rfd8 33. Rg1 Qe3 34. Qd1 h6 35. Qf1 Rc7 36. Qg2 Re7 37. a4 d4 38. h5 d3 39. cxd3 Rxd3 40. Qg6 c2 41. Qxh6+ gxh6 42. Rg8+ Kh7 43. Bxc2 Qc1+ 44. Ka2 Qxc2+ 45. Ka1 Re1# 0-1


[Site "https://www.chess.com"]

[Event "Titled Tuesday Blitz March 21 Early 2023"]
[White "benny_aizenberg"]
[Black "Real_taiatai"]
[WhiteElo "2576"]
[BlackElo "2355"]
[Result "0-1"]
[Round "02"]
[TimeControl "180+2"]
[Date "2023.03.21"]
[WhiteClock "0:00:05"]
[BlackClock "0:01:00"]

1. e4 c5 2. c3 Nf6 3. e5 Nd5 4. d4 cxd4 5. Nf3 d6 6. Bb5+ Nc6 7. Nxd4 Bd7 8. exd6 e6 9. c4 Nxd4 10. Bxd7+ Qxd7 11. Qxd4 Nb4 12. Qc3 Bxd6 13. a3 Nc6 14. Qxg7 Be5 15. Qg5 Qd3 16. Nd2 Nd4 17. Qxe5 O-O-O 18. Rb1 f6 19. Qc5+ Kb8 20. Qxd4 Rxd4 21. h4 Rhd8 22. Rh3 Re4+ 23. Re3 Rxe3+ 24. fxe3 Qxe3+ 25. Kd1 Qg1+ 26. Kc2 Qxg2 27. b4 e5 28. Rb3 e4 29. c5 f5 30. b5 f4 31. c6 e3 32. Rc3 bxc6 33. bxc6 Rxd2+ 34. Kb3 Kc7 35. Rc4 Qd5 36. Kb4 Qxc4+ 37. Kxc4 Rc2+ 0-1


[Site "https://www.chess.com"]

[Event "Titled Tuesday Blitz March 21 Early 2023"]
[White "Fernandez Siles, Luis"]
[Black "Berezin, Viktor"]
[WhiteFideId "2209420"]
[BlackFideId "14107872"]
[WhiteElo "2186"]
[BlackElo "2310"]
[Result "0-1"]
[Round "02"]
[TimeControl "180+2"]
[Date "2023.03.21"]
[WhiteClock "0:00:45"]
[BlackClock "0:01:25"]

1. d4 Nf6 2. c4 g6 3. Nc3 Bg7 4. e4 O-O 5. Nf3 d6 6. Be2 e5 7. O-O Nc6 8. d5 Ne7 9. b4 a5 10. Ba3 Nd7 11. bxa5 Nc5 12. Nd2 f5 13. Bxc5 dxc5 14. Nb3 Kh8 15. Nxc5 Rxa5 16. Nb3 Ra8 17. Bd3 f4 18. f3 g5 19. c5 h5 20. Be2 Ng6 21. c6 Qe7 22. cxb7 Bxb7 23. Qc2 Ba6 24. Bxa6 Rxa6 25. Nb5 Rb6 26. Qxc7 Rxb5 27. d6 Qxc7 28. dxc7 Rc8 29. Rac1 Rb7 30. Rfd1 Rbxc7 31. Rd8+ Rxd8 32. Rxc7 Bf8 33. a4 g4 34. a5 g3 35. hxg3 fxg3 36. Kf1 Nf4 37. Ke1 Nxg2+ 38. Ke2 Nf4+ 0-1


[Site "https://www.chess.com"]

[Event "Titled Tuesday Blitz March 21 Early 2023"]
[White "Savitha Shri B"]
[Black "Bodnaruk, Anastasia"]
[WhiteFideId "35061887"]
[BlackFideId "4181751"]
[WhiteElo "2191"]
[BlackElo "2310"]
[Result "1/2-1/2"]
[Round "02"]
[TimeControl "180+2"]
[Date "2023.03.21"]
[WhiteClock "0:00:04"]
[BlackClock "0:00:10"]

1. e4 c5 2. Nf3 d6 3. d4 cxd4 4. Qxd4 Nc6 5. Bb5 Bd7 6. Bxc6 Bxc6 7. Nc3 Nf6 8. Bg5 e6 9. O-O-O Be7 10. Kb1 O-O 11. h4 Qa5 12. e5 dxe5 13. Qxe5 Qa6 14. Nd4 Rfd8 15. Nf5 exf5 16. Qxe7 Re8 17. Qc5 Ng4 18. Rhe1 Qb6 19. Qxf5 Rxe1 20. Rxe1 Qxf2 21. Qxf2 Nxf2 22. b4 Ng4 23. g3 a6 24. Kb2 f6 25. Bf4 Rd8 26. a4 Kf7 27. b5 axb5 28. axb5 Be8 29. Ne4 Ne5 30. Bxe5 fxe5 31. Ng5+ Kf6 32. Nxh7+ Kf5 33. c4 Bg6 34. Ng5 Re8 35. Kc3 e4 36. Re3 Ke5 37. h5 Bf5 38. b6 Rc8 39. Nf7+ Ke6 40. Ng5+ Ke5 41. Nf7+ Ke6 42. g4 Bxg4 43. Rxe4+ Kxf7 44. Rxg4 Rc6 45. Rg6 Rc5 46. Rd6 Ke7 47. Rg6 Kf7 48. Rd6 Ke7 49. Rd5 Rc6 50. Rb5 Rf6 51. Kb4 Kd6 52. Rg5 Rf7 53. Kb5 Kd7 54. c5 Kc8 55. Re5 Kd7 56. Rd5+ Kc8 57. Rg5 Kd7 58. Rg6 Kc8 59. Rd6 Rf5 60. Rg6 Rxh5 61. Rxg7 Rh1 62. Rg8+ Kd7 63. Rb8 Rb1+ 64. Kc4 Rc1+ 65. Kb4 Rb1+ 66. Ka3 Kc6 67. Rc8+ Kb5 68. Rc7 Rc1 69. Rxb7 Rxc5 70. Rb8 Rc6 71. b7 Kb6 72. Kb4 Rc7 73. Rh8 Kxb7 74. Rh6 Rc6 75. Rh7+ Rc7 76. Rxc7+ Kxc7 1/2-1/2


[Site "https://www.chess.com"]

[Event "Titled Tuesday Blitz March 21 Early 2023"]
[White "Shuvalov, Evgenij"]
[Black "Guzman Moneo, Alberto"]
[WhiteFideId "4187237"]
[BlackFideId "2209616"]
[WhiteElo "2080"]
[BlackElo "2157"]
[Result "0-1"]
[Round "02"]
[TimeControl "180+2"]
[Date "2023.03.21"]
[WhiteClock "0:00:39"]
[BlackClock "0:01:33"]

1. d4 Nf6 2. c4 c5 3. d5 b5 4. cxb5 a6 5. bxa6 g6 6. Nc3 Bxa6 7. e4 Bxf1 8. Kxf1 d6 9. g3 Bg7 10. Kg2 O-O 11. Nf3 Nbd7 12. a4 Qa5 13. Qc2 Rfb8 14. Ra3 Ng4 15. Nb5 Nge5 16. Nxe5 Nxe5 17. Bd2 Qd8 18. Bc3 h5 19. h3 Qc8 20. f4 Nc4 21. Bxg7 Nxa3 22. Nxa3 Kxg7 23. b3 Rb4 24. Nc4 Qa6 25. Rf1 Rab8 26. Rf3 Ra8 27. f5 Rxc4 28. bxc4 Qxa4 29. Qc3+ f6 30. fxg6 Qd1 31. Rf2 Ra1 32. g4 h4 33. Qxa1 Qxa1 34. g5 fxg5 35. Rf7+ Kxg6 36. Rxe7 Qa2+ 37. Kf3 Qb3+ 38. Kg4 Qg3# 0-1


[Site "https://www.chess.com"]

[Event "Titled Tuesday Blitz March 21 Early 2023"]
[White "Bhavikatti, Neil"]
[Black "Ismagilov, Damir"]
[WhiteFideId "30935024"]
[BlackFideId "34199982"]
[WhiteElo "2346"]
[BlackElo "2078"]
[Result "0-1"]
[Round "02"]
[TimeControl "180+2"]
[Date "2023.03.21"]
[WhiteClock "0:00:06"]
[BlackClock "0:00:35"]

1. d4 Nf6 2. c4 e6 3. Nc3 Bb4 4. Qc2 O-O 5. a3 Bxc3+ 6. Qxc3 b6 7. Bg5 h6 8. Bh4 Bb7 9. f3 d5 10. e3 Nbd7 11. Bd3 c5 12. Ne2 Rc8 13. dxc5 Nxc5 14. Rd1 Nxd3+ 15. Rxd3 Rxc4 16. Qxc4 dxc4 17. Rxd8 Rxd8 18. Nc3 g5 19. Bf2 Nd7 20. Ke2 Nc5 21. Rd1 Rxd1 22. Nxd1 Nd3 23. Bg3 Bc6 24. Bb8 a6 25. Ba7 b5 26. Bd4 e5 27. Bc3 f5 28. Nf2 e4 29. Nxd3 exd3+ 30. Kf2 Kf7 31. g3 Ke6 32. h4 gxh4 33. gxh4 h5 34. Kg3 Kd7 35. Kf4 Ke6 36. e4 fxe4 37. fxe4 Be8 38. e5 Bg6 39. Kg5 Be8 40. Kf4 Bc6 41. Kg5 Bf3 42. Kf4 Bg4 43. Kg5 Kd5 44. Kf6 Ke4 45. Bd2 Kf3 46. e6 Ke2 47. Bc3 d2 48. Bxd2 Kxd2 49. e7 Bd7 50. Kf7 Ke3 51. e8=Q+ Bxe8+ 52. Kxe8 Kf4 53. Kd7 Kg4 54. Kc6 Kxh4 55. Kb6 Kg3 56. Kxa6 h4 57. Kxb5 h3 58. Kxc4 h2 59. a4 h1=Q 60. b4 Qc6+ 61. Kb3 Kf4 0-1


[Site "https://www.chess.com"]

[Event "Titled Tuesday Blitz March 21 Early 2023"]
[White "djokovic74"]
[Black "Ovezdurdyyeva, Jemal"]
[BlackFideId "14001888"]
[WhiteElo "2558"]
[BlackElo "2043"]
[Result "1-0"]
[Round "02"]
[TimeControl "180+2"]
[Date "2023.03.21"]
[WhiteClock "0:00:04"]
[BlackClock "0:00:02"]

1. c4 Nf6 2. Nf3 e6 3. g3 d5 4. d4 c6 5. Bg2 Ne4 6. Qc2 f5 7. O-O Be7 8. Nc3 g5 9. Ne5 Nd7 10. cxd5 exd5 11. Nxd7 Bxd7 12. f3 Nd6 13. e4 Qb6 14. exd5 Qxd4+ 15. Kh1 O-O-O 16. Re1 Bf6 17. Be3 Qb4 18. dxc6 Bxc6 19. a3 Qc4 20. Bxa7 h5 21. Rac1 h4 22. Ne2 Qa6 23. Bd4 Bxd4 24. Nxd4 hxg3 25. Nxc6 Rxh2+ 26. Kg1 bxc6 27. Qxc6+ Qxc6 28. Rxc6+ Kb7 29. Rc3 Rh7 30. f4+ Kb6 31. Rxg3 gxf4 32. Rg6 Kc5 33. Rc1+ Kb5 34. Rd1 Ne4 35. Rxd8 1-0


[Site "https://www.chess.com"]